 Dungeon Crawl Stone Soup version 0.27.1-3-gb3d3a73c9e (webtiles) character file.

Game seed: 152634506754152365

16038 vatarom the Fighter (level 12, -7/92 HPs)
             Began as a Djinni Fire Elementalist on Oct 11, 2021.
             Was a Believer of Makhleb.
             Killed from afar by Fannar (22 damage)
             ... with a bolt of cold
             ... on level 1 of the Lair of Beasts.
             The game lasted 00:26:23 (21688 turns).

vatarom the Fighter (Djinni Fire Elementalist)     Turns: 21688, Time: 00:26:24

Health: -7/92      AC:  6    Str: 10    XL:     12   Next: 65%
Gold:   727        EV: 12    Int: 18    God:    Makhleb [**....] SH:  0 Dex: 15

rFire    + . .     SeeInvis .   e - +4 dagger (venom)
rCold    . . .     Faith    .   (no shield)
rNeg     . . .     Spirit   .   v - +0 steam dragon scales
rPois    ∞         Reflect  .   k - +0 helmet
rElec    .         Harm     .   (no cloak)
rCorr    .         Rampage  .   (no gloves)
Will     +....                  (boots unavailable)
Stlth    ++........             (no amulet)
HPRegen  0.25/turn              w - ring of wizardry
MPRegen  0.00/turn              c - ring of ice

@: flying
A: sickness immunity, fire resistance 2, cold vulnerability 1, float, innate
caster, hp casting, extra vitality 1, evolution 1
a: Renounce Religion, Minor Destruction


You were on level 1 of the Lair of Beasts.
You worshipped Makhleb.
Makhleb was pleased with you.
You visited 3 branches of the dungeon, and saw 14 of its levels.
You also visited: Ossuary.

You collected 727 gold pieces.

Inventory:

Hand Weapons
 e - a +4 dagger of venom (weapon)
Missiles
 o - 38 poisoned darts
Armour
 k - a +0 helmet (worn)
 t - a +0 buckler
 v - +0 steam dragon scales (worn)
Jewellery
 c - a ring of ice (right hand)
 w - a ring of wizardry (left hand)
Wands
 l - a wand of flame (24)
 y - a wand of iceblast (18) {@v4}
 B - a wand of polymorph (5)
 C - a wand of charming (10)
 E - a wand of paralysis (8)
Scrolls
 a - a scroll of magic mapping
 b - 4 scrolls of enchant weapon
 h - 5 scrolls of teleportation {@r3}
 u - 4 scrolls of blinking {@r4}
 z - a scroll of fog
 A - 7 scrolls of immolation
Potions
 d - 4 potions of haste {@q3}
 g - 4 potions of degeneration
 i - a potion of lignification {unknown}
 j - a potion of might {@q4}
 m - 2 potions of heal wounds {unknown}
 p - 3 potions of brilliance {@q6}
 q - 3 potions of invisibility
 s - 3 potions of flight {unknown}
 x - a potion of mutation {unknown}
 D - 2 potions of curing {@q1}
Miscellaneous
 f - a piece from Xom's chessboard (15/15)


   Skills:
 - Level 10.4 Fighting
 * Level 3.6 Short Blades
 - Level 2.1 Dodging
 - Level 1.5 Stealth
 - Level 4.0 Shields
 + Level 10.2 Spellcasting
 + Level 8.3 Invocations
 * Level 4.0 Evocations


You had one spell level left.
You knew the following spells:

 Your Spells              Type           Power      Damage    Failure   Level
a - Foxfire               Conj/Fire      100%       2x1d9     1%          1
b - Inner Flame           Hex/Fire       45%        N/A       1%          3
c - Conjure Flame         Conj/Fire      45%        6-21      1%          3
d - Sticky Flame          Conj/Fire      45%        2d6       1%          4
e - Fireball              Conj/Fire      22%        3d10      1%          5
f - Sandblast             Erth           90%        2d19      1%          1
g - Blink                 Tloc           N/A        N/A       1%          2
h - Teleport Other        Tloc           45%        N/A       1%          3
i - Gell's Gravitas       Tloc           22%        N/A       1%          3
j - Yara's Violent Unrav  Hex/Tmut       22%        3d10      1%          5
Your spell library was empty.

Dungeon Overview and Level Annotations

Branches:
Dungeon (12/15)            Temple (1/1) D:4            Lair (1/6) D:9
    Orc (0/2) D:12        Ossuary (visited)

Altars:
Ashenzari
Cheibriados
Dithmenos
Elyvilon
Fedhas
Gozag
Hepliaklqana
Kikubaaqudgha
Makhleb
Nemelex Xobeh
Okawaru
Qazlal
Ru
Sif Muna
Trog
Uskayaw
Vehumet
Wu Jian
Xom
Yredelemnul
Zin
The Shining One

Annotations:
D:10 2 transporters, emiel's ghost, novice DsWn
D:11 2 transporters, PanSaczeczos's ghost, novice DrAE
Lair:1 Fannar


Innate Abilities, Weirdness & Mutations

You are immune to sickness and miasma.
You are immune to poison.
Your flesh is very heat resistant. (rF++)
You are vulnerable to cold. (rC-)
You float through the air rather than walking.
You learn spells naturally, not from books.
Your magical power is your life essence.
You have superior vitality. (+4 HP)
You evolve.


Message History

Fannar burns!
A wolf comes into view.
Fannar casts a spell at you. The bolt of cold hits you!!
A wolf comes into view.
The wolf howls!
Casting: Sticky Flame (safe; 1% risk of failure)
Confirm with . or Enter, or press ? or * to list all spells.
Aiming: Sticky Flame (safe; 1% risk of failure)
Press: ? - help, Shift-Dir - straight line, f/p - Fannar
Aim: Fannar, wielding a +0 quarterstaff of freezing, wearing a +2 robe of cold resistance and wearing a ring of ice (heavily wounded, covered in liquid flames, very poisoned, 100% to hit)
The sticky flame hits Fannar but does no damage.
Fannar is heavily wounded.
Fannar is covered in liquid flames!
Fannar burns!
Fannar hits you with a +0 quarterstaff of freezing!
Fannar freezes you.
Fannar burns!
Fannar burns!
Casting: Sticky Flame (safe; 1% risk of failure)
Confirm with . or Enter, or press ? or * to list all spells.
Aiming: Yara's Violent Unravelling (dangerous; 1% risk of failure)
Press: ? - help, Shift-Dir - straight line, f/p - Fannar
Aim: Fannar, wielding a +0 quarterstaff of freezing, wearing a +2 robe of cold resistance and wearing a ring of ice (severely wounded, covered in liquid flames, very poisoned, 100% to hit)
That beam is likely to hit you.
Continue anyway?
Fannar's magical effects unravel!
The enchantments explode!
Fannar twists and deforms.
The unravelling engulfs Fannar!
Fannar is almost dead.
The unravelling engulfs you!
Strange energies course through your body.
You feel nature experimenting on you.
Don't worry, failures die fast.
* * * LOW HITPOINT WARNING * * *
* * * LOW HITPOINT WARNING * * *
A wolf comes into view.
Fannar mumbles some strange words.
Casting: Yara's Violent Unravelling (dangerous; 1% risk of failure)
Confirm with . or Enter, or press ? or * to list all spells.
Okay, then.
Fannar casts a spell at you. The bolt of cold hits you!!
You die...

.# #.P.####+##.. ..#
#.#.#......#..... .##
#.#.#...........## .#
#...#......#h....#
.########...............#
..........#.#.....|#....#
..........#.#......#....#
.#####.#.##.#.###h##h...##
................@.e.Y...P#
.......#####.######.....##
.......# ### #.....#
##....## #......# ##.....#
#.....## #......# #.....#
##....## #.....# #....##
#.....# #.....#


You could see Fannar (very poisoned, misshapen), an ice beast (summoned) and 3
wolves.

Vanquished Creatures
  A hydra (Lair:1)
  A boulder beetle (D:10)
  4 two-headed ogres
  A wolf spider (D:10)
  A manticore (D:10)
  A cyclops (D:10)
  A gargoyle (D:9)
  A cane toad (Lair:1)
  An unseen horror (D:8)
  A komodo dragon (Lair:1)
  A troll (D:7)
  3 blink frogs (Lair:1)
  A vampire (D:6)
  A wraith (D:9)
  2 wyverns
  19 yaks
  6 steam dragons
  6 vampire mosquitoes (D:10)
  3 water moccasins (Lair:1)
  Duvessa (D:5)
  2 acid dragons
  2 ice beasts
  3 orc warriors
  3 black bears
  A necrophage (D:8)
  4 ogres
  6 centaurs
  A kobold brigand (D:9)
  5 bullfrogs
  Dowan (D:5)
  2 scorpions
  6 killer bees (D:10)
  A crimson imp (D:4)
  4 centaur zombies
  A bullfrog zombie (D:3)
  4 hounds
  A jelly (D:4)
  An orc priest (D:11)
  A bullfrog skeleton (D:6)
  A gnoll shaman (D:9)
  3 iguanas
  3 orc wizards
  A killer bee zombie (D:7)
  A mummy (D:5)
  A howler monkey skeleton (D:7)
  A howler monkey zombie (D:9)
  10 gnolls
  4 adders
  2 shadow imps
  2 white imps
  An ufetubus (D:4)
  2 worms
  22 orcs
  7 ball pythons
  7 bats
  3 endoplasms
  7 goblins
  3 hobgoblins
  2 quokkas (D:2)
  2 frilled lizards
  A goblin zombie (D:5)
  A hobgoblin zombie (D:5)
  13 kobolds
  7 rats
212 creatures vanquished.

Vanquished Creatures (others)
  207 foxfires
  21 fungi
  27 plants
255 creatures vanquished.

Grand Total: 467 creatures vanquished

Notes
Turn   | Place    | Note
-------+----------+-------------------------------------------
     0 | D:1      | vatarom the Djinni Fire Elementalist began the quest for
                  | the Orb.
     0 | D:1      | Reached XP level 1. HP: 15/15 MP: 0/0
   489 | D:1      | Reached XP level 2. HP: 17/21 MP: 0/0
  1237 | D:2      | Reached XP level 3. HP: 18/25 MP: 0/0
  1237 | D:2      | Learned a level 1 spell: Sandblast
  2286 | D:3      | Reached XP level 4. HP: 10/31 MP: 0/0
  2462 | D:3      | Found a faded altar of an unknown god.
  2636 | D:3      | Reached XP level 5. HP: 15/35 MP: 0/0
  2636 | D:3      | Learned a level 2 spell: Blink
  3311 | D:3      | HP: 1/35 [gnoll (4)]
  3894 | D:4      | Found a staircase to the Ecumenical Temple.
  4151 | D:4      | Noticed an ogre
  4194 | D:4      | Reached XP level 6. HP: 21/40 MP: 0/0
  4358 | Temple   | Entered the Ecumenical Temple
  4545 | Temple   | Became a worshipper of Makhleb the Destroyer
  4827 | D:4      | Reached skill level 1 in Fighting
  4827 | D:4      | Reached skill level 5 in Spellcasting
  5221 | D:4      | Noticed an ice beast
  5231 | D:4      | Killed an ice beast
  5232 | D:4      | Reached skill level 1 in Invocations
  5244 | D:4      | Reached XP level 7. HP: 30/49 MP: 0/0
  5244 | D:4      | Learned a level 3 spell: Teleport Other
  5909 | D:5      | Entered Level 5 of the Dungeon
  6446 | D:5      | Found a sand-covered staircase.
  6456 | Ossuary  | Entered an ossuary
  7032 | D:5      | Reached XP level 8. HP: 34/57 MP: 0/0
  7156 | D:5      | Noticed Dowan
  7157 | D:5      | Noticed Duvessa
  7170 | D:5      | Killed Duvessa
  7176 | D:5      | Killed Dowan
  8124 | D:6      | Noticed a vampire
  8138 | D:6      | Killed a vampire
  8860 | D:6      | Reached skill level 5 in Fighting
  9705 | D:7      | Noticed a troll
  9724 | D:7      | Killed a troll
  9725 | D:7      | Reached XP level 9. HP: 27/66 MP: 0/0
  9725 | D:7      | Learned a level 3 spell: Gell's Gravitas
 10294 | D:7      | Identified the +9 long sword "Zasu Vifudun" {speed, Int+2}
 11209 | D:8      | Found a blossoming altar of Fedhas.
 11228 | D:8      | HP: 1/68 [orc warrior/boomerang (11)]
 11759 | D:8      | Reached skill level 5 in Invocations
 11759 | D:8      | Reached XP level 10. HP: 40/75 MP: 0/0
 11948 | D:8      | Noticed an unseen horror
 11957 | D:8      | Killed an unseen horror
 12200 | D:8      | Reached * piety under Makhleb
 14203 | D:9      | Found a staircase to the Lair.
 14242 | D:9      | Reached ** piety under Makhleb
 14615 | D:9      | Reached XP level 11. HP: 82/84 MP: 0/0
 14615 | D:9      | Learned a level 5 spell: Yara's Violent Unravelling
 15071 | D:9      | Noticed a two-headed ogre
 15077 | D:9      | Killed a two-headed ogre
 15078 | D:9      | Reached skill level 1 in Shields
 15348 | D:10     | Entered Level 10 of the Dungeon
 15369 | D:10     | Noticed a two-headed ogre
 15648 | D:10     | Noticed a boulder beetle
 16645 | D:10     | Noticed a cyclops
 16649 | D:10     | Killed a cyclops
 16884 | D:10     | Killed a boulder beetle
 16885 | D:10     | Reached skill level 10 in Fighting
 17232 | D:10     | Noticed a centaur warrior
 17232 | D:10     | Noticed a centaur warrior
 17232 | D:10     | Noticed a wolf spider
 17232 | D:10     | Noticed emiel's ghost (novice DsWn)
 17235 | D:10     | Found a transporter.
 17247 | D:10     | Found a transporter.
 17323 | D:10     | Killed a two-headed ogre
 18019 | D:10     | Noticed a manticore
 18023 | D:10     | Killed a manticore
 18024 | D:10     | Reached XP level 12. HP: 41/92 MP: 0/0
 18854 | D:11     | Found a transporter.
 19037 | D:11     | Noticed PanSaczeczos's ghost (novice DrAE)
 19049 | D:11     | Found a transporter.
 19272 | D:11     | Noticed a two-headed ogre
 19277 | D:11     | Killed a two-headed ogre
 19278 | D:11     | Reached skill level 1 in Short Blades
 19278 | D:11     | Reached skill level 10 in Spellcasting
 19278 | D:11     | Reached skill level 1 in Evocations
 19614 | D:11     | Noticed a two-headed ogre
 19621 | D:11     | Killed a two-headed ogre
 20136 | D:12     | Found a staircase to the Orcish Mines.
 20195 | Lair:1   | Entered Level 1 of the Lair of Beasts
 20719 | Lair:1   | Identified the +2 kite shield of Hysteria {MP+9 Str+6
                  | Dex+2}
 21362 | Lair:1   | Noticed a seven-headed hydra
 21372 | Lair:1   | Killed a seven-headed hydra
 21678 | Lair:1   | Noticed Fannar
 21687 | Lair:1   | Gained mutation: You evolve. [you]
 21688 | Lair:1   | Killed from afar by Fannar

Illustrated notes

Levels and vault maps discovered:
D:1:      tarquinn_simple_flora_water_b, layout_basic, minmay_bisected
D:2:      layout_loops_cross, glass_columns_a
D:3:      layout_loops_cross, shapermc_ecumenical_altar_mp_vishouse,
          minivault_23, minmay_stone_trees_small
D:4:      layout_basic, minmay_temple_entry_large_hall, minmay_fire_ice_demons
D:5:      layout_basic, nicolae_ossuary_entry_giza, serial_bayou_lake_a,
          uniq_duvessa
D:6:      layout_basic
D:7:      layout_basic, chequers_serial_rivers_marsh, minmay_hedge_maze,
          minivault_26
D:8:      kennysheep_steamy, layout_basic, fedhas_ov_isle_minmay
D:9:      layout_long_grid, grunt_lair_entry_orc_guard_hut
D:10:     layout_irregular_city, gammafunk_ghost_arena, minmay_three_doors
D:11:     layout_loops_corners, gammafunk_ghost_berserking_beasts
D:12:     layout_loops_corners, orc_0_dummy, nicolae_elyvilon_temple_path,
          uniq_nessos, uniq_sonja
Temple:   regret_index_temple_sigil_plot
Lair:1:   layout_chaotic_city, amcnicky_mini_pool_medium, uniq_fannar

Skill      XL: |  1  2  3  4  5  6  7  8  9 10 11 12 |
---------------+-------------------------------------+-----
Spellcasting   | 3 4 5 6 7 8 9 10 | 10.2
Fighting       | 2 3 5 7 9 10 | 10.4
Invocations    | 1 2 3 5 6 7 8 |  8.3
Shields        | 4 |  4.0
Short Blades   | 3 |  3.6
Evocations     | 4 |  4.0
Dodging        | |  2.1
Stealth        | |  1.5

Action                   |  1- 3 |  4- 6 |  7- 9 | 10-12 || total
-------------------------+-------+-------+-------+-------++-------
Melee: Unarmed           |     2 |       |       |       ||     2
       Dagger            |    53 |    61 |   158 |    93 ||   365
 Cast: Foxfire           |    35 |    20 |    52 |    22 ||   129
       Sandblast         |     4 |     8 |       |       ||    12
       Conjure Flame     |     1 |     1 |       |       ||     2
       Blink             |       |     1 |     1 |    23 ||    25
       Sticky Flame      |       |     2 |    29 |    53 ||    84
       Fireball          |       |       |     7 |   104 ||   111
       Teleport Other    |       |       |     4 |       ||     4
       Gell's Gravitas   |       |       |    13 |    29 ||    42
       Yara's Violent Un |       |       |       |     2 ||     2
Evoke: Wand              |       |       |     1 |     1 ||     2
  Use: Potion            |     1 |     4 |     1 |     2 ||     8
       Scroll            |       |     8 |     2 |     8 ||    18
 Stab: Sleeping          |     2 |     1 |     3 |       ||     6
       Paralysed         |       |       |       |     4 ||     4
Armor: Robe              |    17 |    16 |    32 |       ||    65
       Steam dragon scal |       |       |    23 |    64 ||    87
Dodge: Dodged            |    46 |    66 |   135 |   123 ||   370
